Description

Scarlett ZvP (Overwolf practice)

Replay - bigpowerzerg v llllllllllll - Acid Plant LE

Build Order

Get SALT Encoding   

  12  0:00  Drone  
  13  0:12  Overlord  
  13  0:16  Drone  
  14  0:30  Drone x2  
  16  0:47  Hatchery  
  15  0:51  Drone x2  
  17  0:58  Drone  
  18  1:10  Extractor  
  17  1:14  Spawning Pool  
  17  1:17  Drone x2  
  18  1:28  Drone  
  19  1:39  Drone  
  20  1:55  Overlord  
  20  2:01  Queen x2  
  20  2:06  Drone x2  
  26  2:11  Metabolic Boost  
  26  2:14  Drone x2  
  27  2:21  Drone  
  30  2:30  Drone x2  
  31  2:38  Hatchery  
  31  2:41  Zergling x4  
  32  2:47  Overlord  
  32  2:53  Queen  
  32  2:56  Zergling x4  
  36  3:07  Drone x3  
  36  3:10  Zergling x2  
  36  3:12  Overlord  
  40  3:16  Drone x2  
  40  3:18  Overlord  
  40  3:35  Spore Crawler  
  40  3:37  Drone x5  
  44  3:44  Drone x4  
  48  3:53  Queen  
  50  4:07  Drone x6  
  50  4:09  Lair  
  56  4:13  Drone x3  
  56  4:16  Spore Crawler  
  58  4:22  Spore Crawler, Queen, Drone x3  
  61  4:34  Extractor x2  
  61  4:35  Overlord, Drone x5  
  64  4:45  Drone  
  65  4:47  Overlord x2  
  65  4:48  Roach Warren  
  65  4:52  Overlord x3  
  64  4:54  Drone  
  64  4:59  Overlord x3  
  65  5:10  Drone x7  
  72  5:17  Extractor  
  72  5:19  Overlord x2  
  71  5:28  Roach x4  
  79  5:32  Glial Reconstitution  
  79  5:34  Roach x4  
  87  5:40  Evolution Chamber  
  86  5:44  Hydralisk Den, Roach x4  
  86  5:48  Drone x5  
  96  5:50  Extractor  
  96  5:54  Drone x2  
  98  5:57  Extractor  
  98  5:59  Drone x2  
  98  6:01  Overlord  
  100  6:09  Drone x7  
  106  6:12  Zerg Missile Weapons Level 1  
  106  6:19  Drone x4  
  106  6:21  Muscular Augments  
  110  6:27  Lurker Den  
  110  6:28  Drone x2  
  110  6:29  Infestation Pit  
  110  6:35  Hydralisk x4  
  110  6:36  Overseer  
  118  6:41  Overlord  
  118  6:47  Hatchery  
  118  6:50  Hydralisk x5  
  127  7:06  Hive  
  127  7:07  Hydralisk x2  
  131  7:12  Overlord x4  
  131  7:14  Drone x2  
  133  7:23  Overlord x2, Extractor  
  133  7:28  Extractor  
  133  7:29  Hydralisk x4  
  137  7:33  Grooved Spines  
  139  7:47  Drone x7  
  146  8:04  Roach x12  
  170  8:08  Zerg Missile Weapons Level 2  
  170  8:15  Lurker x4  
  170  8:17  Zergling x16  
  182  8:25  Lurker x2  
  183  8:28  Zergling x14  
  191  8:35  Adaptive Talons  
  191  8:38  Spine Crawler  
  190  8:53  Hydralisk x4  
  179  9:19  Hydralisk x16  
  197  9:24  Lurker, Zergling x4  
  200  9:41  Hatchery  
  200  9:42  Overseer  
  200  9:43  Pneumatized Carapace  
  196  9:55  Overlord  
Spawning Tool Build Advisor. Get it on Overwolf

Go to:

Details

  • Created by: Kenaya  
  • Published on: May 17, 2018
  • Modified on: May 17, 2018
  • Patch: 4.0.0
Show
View Real Time Build Order
Export as new Build Order

Comments (0)

There are no comments. Be the first!

Create an account to comment!